 Dungeon Crawl Stone Soup version 0.31.0-32-g396128a36d (webtiles) character file.

Game seed: 4670645599978197439

107 601d51SH the Shield-Bearer (level 4, -3/41 HPs)
             Began as a Gnoll Fighter on Mar 31, 2024.
             Slain by a lemure (5 damage)
             ... led by Pikel
             ... on level 3 of the Dungeon.
             The game lasted 00:03:32 (2123 turns).

601d51SH the Shield-Bearer (Gnoll Fighter)          Turns: 2123, Time: 00:03:33

Health: -3/41      AC: 10    Str: 17    XL:     4   Next: 86%
Magic:  5/5        EV:  9    Int:  7    God:
Gold:   208        SH:  5    Dex: 12    Spells: 5/5 levels left

rFire   . . .        q - +2 short sword (holy)
rCold   . . .        c - +0 buckler
rNeg    . . .        b - +0 scale mail
rPois   .            g - +0 helmet
rElec   .            t - +0 cloak
rCorr   .            (no gloves)
SInv    .            (no boots)
Will    .....        (no amulet) Stlth
                     (no ring)
HPRegen 0.26/turn    (no ring)
MPRegen 0.09/turn

%: no passive effects
@: no status effects
A: fangs 1, strong nose, distributed training
a: no special abilities


You were on level 3 of the Dungeon.
You visited 1 branch of the dungeon, and saw 4 of its levels.

You collected 208 gold pieces.

Inventory:

Hand Weapons
 a - a +0 trident
 f - a +0 short sword of venom
 j - a +3 flail
 m - a +2 vampiric spear
 q - a +2 short sword of holy wrath (weapon)
Missiles
 s - 4 poisoned darts (quivered)
Armour
 b - a +0 scale mail (worn)
 c - a +0 buckler (worn)
 g - a +0 helmet (worn)
 t - a +0 cloak (worn)
Jewellery
 o - a ring of fire
Scrolls
 h - 2 scrolls of enchant armour {unknown}
 i - a scroll of silence {unknown}
 r - a scroll of revelation {unknown}
 u - 3 scrolls of acquirement {unknown}
 v - a scroll of teleportation {unknown}
 w - 2 scrolls of amnesia {unknown}
 x - a scroll of identify {unknown}
Potions
 d - 5 potions of might
 e - a potion of heal wounds {unknown}
 k - a potion of lignification {unknown}
 l - 4 potions of degeneration {unknown}
 n - a potion of brilliance {unknown}
 p - 2 potions of curing {unknown}


   Skills:
 + Level 6.6 Fighting
 + Level 1.3 Short Blades
 + Level 1.3 Long Blades
 + Level 1.3 Axes
 + Level 1.3 Maces & Flails
 + Level 4.7 Polearms
 + Level 1.3 Staves
 + Level 1.3 Ranged Weapons
 + Level 1.3 Throwing
 + Level 6.6 Armour
 + Level 1.3 Dodging
 + Level 1.3 Stealth
 + Level 6.6 Shields
 + Level 1.3 Unarmed Combat
 + Level 1.3 Spellcasting
 + Level 1.0 Conjurations
 + Level 1.0 Hexes
 + Level 1.0 Summonings
 + Level 1.0 Necromancy
 + Level 1.0 Translocations
 + Level 1.0 Fire Magic
 + Level 1.0 Ice Magic
 + Level 1.0 Air Magic
 + Level 1.0 Earth Magic
 + Level 1.0 Alchemy
 + Level 1.4 Invocations
 + Level 1.3 Evocations
 + Level 1.2 Shapeshifting


You had 5 spell levels left.
You didn't know any spells.
Your spell library contained the following spells:

 Spells                   Type           Power      Damage    Failure   Level
 Magic Dart               Conj           4%         1d3       69%         1
 Searing Ray              Conj           2%         2d4       83%         2
 Static Discharge         Conj/Air       2%         3-4/arc   83%         2
 Airstrike                Air            0%         2d(1-17)  100%        4
 Fulminant Prism          Conj/Alch      0%         3d5       100%        4
 Summon Lightning Spire   Summ/Air       1%         N/A       100%        4


Dungeon Overview and Level Annotations

Branches:
Dungeon (4/15)
 Temple: D:4-7

Altars:

Shops:
D:1 (

Annotations:
D:3 Pikel


Innate Abilities, Weirdness & Mutations

You have very sharp teeth.
Your uncanny sense of smell can sniff out nearby items.
Your experience applies equally to all skills.


Message History

* * * LOW HITPOINT WARNING * * *
You climb upwards.
There is a stone staircase leading down here.
You hit Pikel but do no damage.
Pikel is lightly wounded.
You block Pikel's attack. The lemure barely misses you.
The lemure hits you but does no damage.
You barely miss Pikel.
Pikel is lightly wounded.
Pikel closely misses you. The lemure hits you but does no damage.
The lemure closely misses you.
You hit Pikel but do no damage. You bite Pikel, but do no damage.
Pikel is lightly wounded.
Pikel hits you with a +1 whip of flaming.
* * * LOW HITPOINT WARNING * * *
Pikel burns you.
* * * LOW HITPOINT WARNING * * *
You block the lemure's attack. x2
You barely miss Pikel.
Pikel is lightly wounded.
Pikel hits you but does no damage. The lemure closely misses you.
The lemure hits you.
* * * LOW HITPOINT WARNING * * *
Unknown command.
You hit Pikel but do no damage.
Pikel is lightly wounded.
Pikel hits you with a +1 whip of flaming.
* * * LOW HITPOINT WARNING * * *
Pikel burns you.
* * * LOW HITPOINT WARNING * * *
The lemure hits you.
* * * LOW HITPOINT WARNING * * *
You block the lemure's attack.
You barely miss Pikel. You bite Pikel, but do no damage.
Pikel is lightly wounded.
Pikel hits you but does no damage.
You hit Pikel.
Pikel is moderately wounded.
The lemure hits you.
You die...

#...........#.#
#####...##...####.#
#)......##...# #.#
#.###......#.####.#
#.^.'....#.#.#....#
#####....#.#.#.######
######.#....#.#<.......#
#......#5K###.#.#.####.#
#.####.#@5.........###.#
#.#..#.######.#.#...##.##
#<#...........#.#.#.....#
#.##..........#.#.####...
#.....<.........#.# #.##
###...........###.# #.#
#..#...#.##.# #.####+##
#..#.#.#.##.# #........
#...##......# #........


You could see Pikel and 2 lemures.

Vanquished Creatures
  3 gnolls (D:2)
  2 adders (D:3)
  2 dart slugs (D:1)
  A ribbon worm (D:3)
  An orc (D:3)
  2 ball pythons (D:3)
  6 endoplasms
  4 giant cockroaches
  2 goblins
  8 hobgoblins
  2 jackals (D:2)
  A quokka (D:3)
  4 bats
  4 frilled lizards
  3 kobolds
  8 rats
53 creatures vanquished.

Notes
Turn   | Place    | Note
-------+----------+-------------------------------------------
     0 | D:1      | 601d51SH the Gnoll Fighter began the quest for the Orb.
     0 | D:1      | Reached XP level 1. HP: 23/23 MP: 1/1
   130 | D:1      | Reached XP level 2. HP: 29/29 MP: 2/2
   155 | D:1      | Found Viuk's Weapon Shoppe.
   358 | D:1      | Reached XP level 3. HP: 28/35 MP: 3/3
   719 | D:2      | Reached skill level 1 in Invocations
   721 | D:2      | Reached skill level 1 in Short Blades
   721 | D:2      | Reached skill level 1 in Long Blades
   721 | D:2      | Reached skill level 1 in Axes
   721 | D:2      | Reached skill level 1 in Maces & Flails
   721 | D:2      | Reached skill level 1 in Staves
   721 | D:2      | Reached skill level 1 in Ranged Weapons
   721 | D:2      | Reached skill level 1 in Throwing
   721 | D:2      | Reached skill level 1 in Dodging
   721 | D:2      | Reached skill level 1 in Stealth
   721 | D:2      | Reached skill level 1 in Unarmed Combat
   721 | D:2      | Reached skill level 1 in Spellcasting
   721 | D:2      | Reached skill level 1 in Evocations
  1071 | D:2      | Reached skill level 1 in Shapeshifting
  1071 | D:2      | Reached XP level 4. HP: 41/41 MP: 5/5
  1646 | D:3      | Reached skill level 1 in Conjurations
  1646 | D:3      | Reached skill level 1 in Hexes
  1646 | D:3      | Reached skill level 1 in Summonings
  1646 | D:3      | Reached skill level 1 in Necromancy
  1646 | D:3      | Reached skill level 1 in Translocations
  1646 | D:3      | Reached skill level 1 in Fire Magic
  1646 | D:3      | Reached skill level 1 in Ice Magic
  1646 | D:3      | Reached skill level 1 in Air Magic
  1646 | D:3      | Reached skill level 1 in Earth Magic
  1646 | D:3      | Reached skill level 1 in Alchemy
  2105 | D:4      | Noticed Pikel
  2105 | D:4      | Noticed a lemure
  2105 | D:4      | Noticed a lemure
  2105 | D:4      | Noticed a lemure
  2105 | D:4      | Noticed a lemure
  2121 | D:3      | HP: 2/41 [lemure[Pikel] (3)]
  2123 | D:3      | Slain by a lemure

Illustrated notes

Levels and vault maps discovered:
D:1:      lightli_arrival_farm, layout_basic, serial_shops,
          nicolae_shop_tiny_waterfront, minmay_hexomino_f4
D:2:      layout_basic, serial_forest, infiniplex_forest_lined_3,
          infiniplex_forest_clump_medium, infiniplex_forest_clump_double,
          infiniplex_forest_clump_tiny, infiniplex_forest_straight_1,
          infiniplex_forest_lined_ring, infiniplex_forest_lined_room_,
          infiniplex_forest_lined_3_way
D:3:      layout_basic
D:4:      layout_gridville, hangedman_ru_absence,
          nicolae_kikubaaqudgha_miasma_corner,
          mainiacjoe_overflow_catch_the_wave, serial_shops, shop, uniq_pikel

Skill      XL: |  1  2  3  4 |
---------------+-------------+-----
Invocations    | 1 |  1.4
Short Blades   | 1 |  1.3
Long Blades    | 1 |  1.3
Axes           | 1 |  1.3
Maces & Flails | 1 |  1.3
Staves         | 1 |  1.3
Ranged Weapons | 1 |  1.3
Throwing       | 1 |  1.3
Dodging        | 1 |  1.3
Stealth        | 1 |  1.3
Unarmed Combat | 1 |  1.3
Spellcasting   | 1 |  1.3
Evocations     | 1 |  1.3
Shapeshifting  | 1 |  1.2
Conjurations   | 1 |  1.0
Hexes          | 1 |  1.0
Summonings     | 1 |  1.0
Necromancy     | 1 |  1.0
Translocations | 1 |  1.0
Fire Magic     | 1 |  1.0
Ice Magic      | 1 |  1.0
Air Magic      | 1 |  1.0
Earth Magic    | 1 |  1.0
Alchemy        | 1 |  1.0
Fighting       | |  6.6
Polearms       | |  4.7
Armour         | |  6.6
Shields        | |  6.6

Action                     |  1- 3 |  4- 6 || total
---------------------------+-------+-------++-------
  Melee: Trident           |    21 |       ||    21
         Bite              |     4 |     6 ||    10
         Short sword       |    71 |    20 ||    91
         Spear             |       |    58 ||    58
 Armour: Scale mail        |    73 |    43 ||   116
  Dodge: Dodged            |    39 |    30 ||    69
  Block: Buckler           |    33 |    15 ||    48
